Sharks vs Canucks
(R1)
Created - 31 mars 2013 at 22:10
Goals
|
| Sharks |
1 |
0 |
0 |
1 |
| Canucks |
0 |
1 |
3 |
4 |
|
Shots
|
| Sharks |
10 |
10 |
10 |
30 |
| Canucks |
8 |
7 |
15 |
30 |
|
1st period
1. Sharks , Henrik Sedin 41 (Alexander Frolov, Bobby Ryan) at 12:43
Penalties :
Scott Niedermayer (Van) for Hooking (Minor) at 10:11, Henrik Sedin (SJS) for Roughing (Minor) at 10:11, Joni Pitkanen (SJS) for Slashing (Double Minor) at 13:12
2nd period
2. Canucks , Rickard Wallin 5 (Jonas Hoglund) at 4:07
Penalties :
Keith Ballard (SJS) for Holding Stick (Minor) at 1:01, Sami Salo (SJS) for Roughing (Double Minor) at 10:29, Sheldon Keefe (Van) for Hooking (Minor) at 16:22, Bobby Ryan (SJS) for Interference (Minor) at 18:31
3rd period
3. Canucks , Clarke MacArthur 23 (Scott Niedermayer, Jonas Hoglund) at 5:42
4. Canucks , Jonas Hoglund 27 (Derian Hatcher, Brent Sopel) at 17:59 (PP)
5. Canucks , Clarke MacArthur 24 (Jonas Hoglund, Scott Niedermayer) at 18:56
Penalties :
Peter Worrell (Van) for Roughing (Minor) at 1:18, Mark Streit (Van) for High sticking (Minor) at 2:16, Joni Pitkanen (SJS) for Tripping (Minor) at 6:22, Scott Niedermayer (Van) for Holding (Minor) at 8:28, Daniel Sedin (SJS) for Hooking (Minor) at 13:32, Andrei Markov (SJS) for Roughing (Minor) at 17:13, Henrik Sedin (SJS) for Holding (Minor) at 19:02
Goalie Stats
Miika Kiprusoff (SJS), 26 saves from 30 shots - (0,867), L, 22-25-3, 60:00 minutes
Brian Boucher (Van), 29 saves from 30 shots - (0,967), W, 6-4-2, 60:00 minutes
Players Stats for Sharks
Player Name G A P +/- PIM S H SB GA TA FO MP PP MP PK MP
------------------------------------------------------------------------------------
Adam Mair 0 0 0 -1 0 2 2 0 0 0 4/7 11:48 0:00 4:38
Alexander Frolov 0 1 1 0 0 4 1 1 0 1 0/0 18:44 3:34 6:42
Andrei Markov 0 0 0 -2 2 2 2 1 1 2 0/0 27:42 3:50 9:55
Antti Miettinen 0 0 0 -1 0 1 1 1 0 0 0/1 13:07 3:21 0:00
Bates Battaglia 0 0 0 -1 0 3 2 0 0 0 0/0 8:07 0:00 1:52
Bobby Ryan 0 1 1 1 2 2 0 0 0 0 1/1 11:19 0:00 0:00
Daniel Sedin 0 0 0 -1 2 1 2 1 0 0 1/3 22:55 3:21 8:24
David Hale 0 0 0 0 0 0 0 0 0 0 0/0 10:40 0:00 1:47
Georges Laraque 0 0 0 -1 0 1 0 0 0 0 0/1 9:59 3:34 0:00
Henrik Sedin 1 0 1 0 4 3 3 0 1 1 11/26 21:47 3:10 8:14
Johnny Oduya 0 0 0 0 0 1 1 1 0 0 0/0 23:37 3:05 8:14
Joni Pitkanen 0 0 0 -2 6 1 0 2 0 2 0/0 24:51 3:50 6:57
Keith Ballard 0 0 0 0 2 3 2 0 0 1 0/0 13:30 0:00 4:13
Mike Fisher 0 0 0 0 0 2 2 0 1 0 1/7 10:51 0:11 0:25
Mike Johnson 0 0 0 -1 0 1 0 0 0 0 0/0 6:15 0:00 0:00
Mikko Koivu 0 0 0 -1 0 2 2 0 0 0 5/7 15:39 3:34 4:59
Sami Salo 0 0 0 0 4 0 1 1 1 0 0/0 20:06 3:05 4:08
Tomas Fleischmann 0 0 0 0 0 1 0 1 0 0 1/1 9:18 0:00 0:00
Players Stats for Canucks
Player Name G A P +/- PIM S H SB GA TA FO MP PP MP PK MP
------------------------------------------------------------------------------------
Brent Sopel 0 1 1 0 0 0 3 0 0 0 0/0 21:39 7:10 3:10
Chris Campoli 0 0 0 -1 0 0 0 1 0 0 0/0 12:16 0:53 1:50
Clarke MacArthur 2 0 2 3 0 3 3 0 0 0 0/0 20:28 7:31 2:35
Daniel Paille 0 0 0 0 0 0 0 0 0 0 0/0 5:04 0:24 0:06
David Jones 0 0 0 0 0 4 0 0 1 1 0/0 12:17 1:32 0:00
Derian Hatcher 0 1 1 0 0 4 1 0 1 0 0/0 21:06 7:10 2:55
Erik Christensen 0 0 0 0 0 1 0 0 0 0 5/9 12:28 0:00 1:43
Fabian Brunnstrom 0 0 0 0 0 1 0 0 1 0 0/0 12:01 1:03 0:00
Janne Niskala 0 0 0 -1 0 0 0 0 0 0 0/0 4:04 0:00 0:44
Jaromir Jagr 0 0 0 -1 0 5 1 0 1 0 4/6 24:33 8:54 3:25
Johnny Boychuk 0 0 0 0 0 2 0 0 0 0 0/0 10:40 0:53 0:00
Jonas Hoglund 1 3 4 3 0 3 1 0 2 0 1/1 18:39 7:31 0:46
Mark Streit 0 0 0 3 2 2 2 2 0 0 0/0 24:45 9:34 2:34
Matt Stajan 0 0 0 0 0 1 1 0 0 0 11/22 17:51 9:03 0:06
Peter Worrell 0 0 0 -1 2 2 1 1 1 2 2/2 21:45 9:03 2:47
Rickard Wallin 1 0 1 3 0 2 1 1 0 0 7/14 17:13 7:31 0:00
Scott Niedermayer 0 2 2 2 4 0 1 3 0 1 0/0 26:04 9:34 2:36
Sheldon Keefe 0 0 0 0 2 0 1 0 0 0 0/0 7:07 0:19 1:21
3 Stars
1 - Jonas Hoglund (Van)
2 - Clarke MacArthur (Van)
3 - Brian Boucher (Van)
Power Play
Sharks - 0 on 4 Attempt(s) - 0,00%
Canucks - 1 on 10 Attempt(s) - 10,00%
Penalty Kill
Sharks - 9 on 10 Attempt(s) - 90,00%
- Score 0 goal in Penalty Kill
Canucks - 4 on 4 Attempt(s) - 100,00%
- Score 0 goal in Penalty Kill
Official
Referees : Leggo Mike and StLaurent Francois
Linesman : Tim Nowak and Derek Nansen
Game Notes
No Game Note
Finance
Level 1 -- Attendance: 4419 (73,65%) -- Ticket Income 437 481 $
Level 2 -- Attendance: 4342 (86,84%) -- Ticket Income 225 784 $
Level 3 -- Attendance: 1948 (97,40%) -- Ticket Income 58 440 $
Level 4 -- Attendance: 4000 (100,00%) -- Ticket Income 68 000 $
Luxury Box -- Attendance: 967 (96,70%) -- Ticket Income 96 700 $
Game was played at the Budweiser Coliseum
Total Attendance: 15676 (87,09%)
Total Ticket Income: 886 405 $
Total Income: 886 405 $
Sharks
5 vs 5 Forward
Center Left Wing Right Wing Time % Phy DF OF
1 Henrik Sedin Daniel Sedin Antti Miettinen 40 1 2 2
2 Mikko Koivu Alexander Frolov Georges Laraque 30 1 2 2
3 Mike Fisher Tomas Fleischmann Bobby Ryan 20 1 2 2
4 Adam Mair Bates Battaglia Mike Johnson 10 1 2 2
5 vs 5 Defense
Defense Defense Time % Phy DF OF
1 Andrei Markov Joni Pitkanen 40 1 2 2
2 Johnny Oduya Sami Salo 30 1 2 2
3 Keith Ballard David Hale 20 1 2 2
4 Andrei Markov Joni Pitkanen 10 1 2 2
PowerPlay Forward
Center Left Wing Right Wing Time % Phy DF OF
1 Henrik Sedin Daniel Sedin Antti Miettinen 60 1 2 2
2 Mikko Koivu Alexander Frolov Georges Laraque 40 1 2 2
PowerPlay Defense
Defense Defense Time % Phy DF OF
1 Andrei Markov Joni Pitkanen 60 1 2 2
2 Johnny Oduya Sami Salo 40 1 2 2
Penalty Kill 4 Players Forward
Center Wing Time % Phy DF OF
1 Henrik Sedin Daniel Sedin 60 1 2 2
2 Mikko Koivu Alexander Frolov 40 1 2 2
Penalty Kill 4 Players Defense
Defense Defense Time % Phy DF OF
1 Andrei Markov Joni Pitkanen 60 1 2 2
2 Johnny Oduya Sami Salo 40 1 2 2
Penalty Kill - 3 Players Forward
Forward Time % Phy DF OF
1 Henrik Sedin 60 1 2 2
2 Daniel Sedin 40 1 2 2
Penalty Kill - 3 Players Defense
Defense Defense Time % Phy DF OF
1 Andrei Markov Joni Pitkanen 60 1 2 2
2 Johnny Oduya Sami Salo 40 1 2 2
4 vs 4 Forward
Center Wing Time % Phy DF OF
1 Henrik Sedin Daniel Sedin 60 1 2 2
2 Mikko Koivu Alexander Frolov 40 1 2 2
4 vs 4 Defense
Defense Defense Time % Phy DF OF
1 Andrei Markov Joni Pitkanen 60 1 2 2
2 Johnny Oduya Sami Salo 40 1 2 2
Last Minutes Offensive
Center Left Wing Right Wing Defense Defense
Henrik Sedin Daniel Sedin Antti Miettinen Andrei Markov Joni Pitkanen
Last Minutes Defensive
Center Left Wing Right Wing Defense Defense
Henrik Sedin Daniel Sedin Antti Miettinen Andrei Markov Keith Ballard
Goaltenders
Starting : Miika Kiprusoff
Backup : Martin Biron
Extra Forwards
Normal : Mike Fisher, Bobby Ryan, Adam Mair - PP : Mike Fisher, Bobby Ryan - PK : Adam Mair
Extra Defensemen
Normal : David Hale, Johnny Oduya, Keith Ballard - PP : David Hale - PK : Johnny Oduya, Keith Ballard
Penalty Shots
Henrik Sedin, Daniel Sedin, Mikko Koivu, Alexander Frolov, Bobby Ryan
Canucks
5 vs 5 Forward
Center Left Wing Right Wing Time % Phy DF OF
1 Matt Stajan Peter Worrell Jaromir Jagr 40 1 2 2
2 Rickard Wallin Clarke MacArthur Jonas Hoglund 30 1 2 2
3 Erik Christensen Fabian Brunnstrom David Jones 20 1 2 2
4 Jaromir Jagr Daniel Paille Sheldon Keefe 10 1 2 2
5 vs 5 Defense
Defense Defense Time % Phy DF OF
1 Scott Niedermayer Mark Streit 40 1 2 2
2 Derian Hatcher Brent Sopel 30 1 2 2
3 Johnny Boychuk Chris Campoli 20 1 2 2
4 Janne Niskala Scott Niedermayer 10 1 2 2
PowerPlay Forward
Center Left Wing Right Wing Time % Phy DF OF
1 Matt Stajan Peter Worrell Jaromir Jagr 60 1 2 2
2 Rickard Wallin Clarke MacArthur Jonas Hoglund 40 1 2 2
PowerPlay Defense
Defense Defense Time % Phy DF OF
1 Scott Niedermayer Mark Streit 60 1 2 2
2 Derian Hatcher Brent Sopel 40 1 2 2
Penalty Kill 4 Players Forward
Center Wing Time % Phy DF OF
1 Jaromir Jagr Peter Worrell 60 1 2 2
2 Jonas Hoglund Clarke MacArthur 40 1 2 2
Penalty Kill 4 Players Defense
Defense Defense Time % Phy DF OF
1 Scott Niedermayer Mark Streit 60 1 2 2
2 Derian Hatcher Brent Sopel 40 1 2 2
Penalty Kill - 3 Players Forward
Forward Time % Phy DF OF
1 Jaromir Jagr 60 1 2 2
2 Peter Worrell 40 1 2 2
Penalty Kill - 3 Players Defense
Defense Defense Time % Phy DF OF
1 Scott Niedermayer Mark Streit 60 1 2 2
2 Derian Hatcher Brent Sopel 40 1 2 2
4 vs 4 Forward
Center Wing Time % Phy DF OF
1 Jaromir Jagr Peter Worrell 60 1 2 2
2 Jonas Hoglund Clarke MacArthur 40 1 2 2
4 vs 4 Defense
Defense Defense Time % Phy DF OF
1 Scott Niedermayer Mark Streit 60 1 2 2
2 Derian Hatcher Brent Sopel 40 1 2 2
Last Minutes Offensive
Center Left Wing Right Wing Defense Defense
Matt Stajan Peter Worrell Jaromir Jagr Scott Niedermayer Mark Streit
Last Minutes Defensive
Center Left Wing Right Wing Defense Defense
Matt Stajan Peter Worrell Jaromir Jagr Scott Niedermayer Mark Streit
Goaltenders
Starting : Brian Boucher
Backup : Carey Price
Extra Forwards
Normal : David Jones, Fabian Brunnstrom, Sheldon Keefe - PP : David Jones, Fabian Brunnstrom - PK : Sheldon Keefe
Extra Defensemen
Normal : Johnny Boychuk, Chris Campoli, Janne Niskala - PP : Johnny Boychuk - PK : Chris Campoli, Janne Niskala
Penalty Shots
Jaromir Jagr, Peter Worrell, Jonas Hoglund, Clarke MacArthur, Matt Stajan
% Time on Ice - Sharks
Lines # - Real PCT - Wanted PCT - Time Play
Normal Forward
1 - 32% - 40% - 10:50
2 - 21% - 30% - 7:06
3 - 28% - 20% - 9:18
4 - 19% - 10% - 6:15
Normal Defense
1 - 37% - 40% - 12:30
2 - 36% - 30% - 12:08
3 - 26% - 20% - 8:36
4 - 1% - 10% - 0:15
PP Forward
1 - 48% - 60% - 3:21
2 - 52% - 40% - 3:34
PP Defense
1 - 55% - 60% - 3:50
2 - 45% - 40% - 3:05
PK Forward
1 - 72% - 60% - 12:38
2 - 28% - 40% - 4:59
PK Defense
1 - 63% - 60% - 11:03
2 - 37% - 40% - 6:34
PK3 Forward
1 - 0% - 60%
2 - 0% - 40%
PK3 Defense
1 - 0% - 60%
2 - 0% - 40%
44 Forward
1 - 100% - 60% - 1:59
2 - 0% - 40% - 0:00
44 Defense
1 - 62% - 60% - 1:14
2 - 38% - 40% - 0:45
Last Minute Offensive - 0:00
Last Minute Defensive - 0:00
Total
Forward - 60:00
Defense - 60:00
|
% Time on Ice - Canucks
Lines # - Real PCT - Wanted PCT - Time Play
Normal Forward
1 - 27% - 40% - 9:04
2 - 30% - 30% - 10:01
3 - 30% - 20% - 9:57
4 - 13% - 10% - 4:27
Normal Defense
1 - 36% - 40% - 12:01
2 - 31% - 30% - 10:17
3 - 25% - 20% - 8:30
4 - 8% - 10% - 2:41
PP Forward
1 - 56% - 60% - 9:50
2 - 44% - 40% - 7:47
PP Defense
1 - 59% - 60% - 10:27
2 - 41% - 40% - 7:10
PK Forward
1 - 85% - 60% - 5:01
2 - 15% - 40% - 0:53
PK Defense
1 - 56% - 60% - 3:19
2 - 44% - 40% - 2:35
PK3 Forward
1 - 67% - 60% - 0:41
2 - 33% - 40% - 0:20
PK3 Defense
1 - 67% - 60% - 0:41
2 - 33% - 40% - 0:20
44 Forward
1 - 67% - 60% - 1:20
2 - 33% - 40% - 0:39
44 Defense
1 - 63% - 60% - 1:15
2 - 37% - 40% - 0:44
Last Minute Offensive - 0:00
Last Minute Defensive - 0:00
Total
Forward - 60:00
Defense - 60:00
|
Play by Play
1st period
0:01 of 1st period - Matt Stajan wins face-off versus Henrik Sedin in neutral zone.
0:10 of 1st period - Wrist shot by Henrik Sedin.
0:10 of 1st period - Stopped by Brian Boucher with a rebound.
0:12 of 1st period - Slapshot by Andrei Markov.
0:12 of 1st period - Shot Blocked by Scott Niedermayer.
0:14 of 1st period - Slapshot by Joni Pitkanen.
0:14 of 1st period - Stopped by Brian Boucher with a rebound.
0:16 of 1st period - Slapshot by Andrei Markov.
0:16 of 1st period - Stopped by Brian Boucher without a rebound.
0:17 of 1st period - Mikko Koivu wins face-off versus Rickard Wallin in Canucks zone.
0:52 of 1st period - Snap shot by Mikko Koivu.
0:52 of 1st period - Stopped by Brian Boucher with a rebound.
1:06 of 1st period - Johnny Boychuk is hit by Keith Ballard and loses puck.
1:13 of 1st period - Snap shot by Mike Fisher.
1:13 of 1st period - Shot Misses the Net.
1:27 of 1st period - Daniel Sedin is hit by Clarke MacArthur and loses puck.
1:45 of 1st period - Icing by Adam Mair.
1:46 of 1st period - Adam Mair wins face-off versus Matt Stajan in Sharks zone.
2:53 of 1st period - Slapshot by Jaromir Jagr.
2:53 of 1st period - Stopped by Miika Kiprusoff with a rebound.
3:23 of 1st period - Snap shot by Adam Mair.
3:23 of 1st period - Shot Blocked by Scott Niedermayer.
3:25 of 1st period - Snap shot by Mike Johnson.
3:25 of 1st period - Stopped by Brian Boucher without a rebound.
3:26 of 1st period - Henrik Sedin wins face-off versus Rickard Wallin in Canucks zone.
3:27 of 1st period - Wrist shot by Daniel Sedin.
3:27 of 1st period - Shot Misses the Net.
4:00 of 1st period - Wrist shot by Fabian Brunnstrom.
4:00 of 1st period - Stopped by Miika Kiprusoff without a rebound.
4:01 of 1st period - Mikko Koivu wins face-off versus Erik Christensen in Sharks zone.
4:17 of 1st period - Wrist shot by Erik Christensen.
4:17 of 1st period - Stopped by Miika Kiprusoff with a rebound.
4:27 of 1st period - Georges Laraque is hit by Rickard Wallin and loses puck.
4:49 of 1st period - David Jones is hit by Henrik Sedin.
8:24 of 1st period - Daniel Paille is hit by Johnny Oduya and loses puck.
8:49 of 1st period - Mikko Koivu is hit by Brent Sopel and loses puck.
9:01 of 1st period - Off-side.
9:02 of 1st period - Henrik Sedin wins face-off versus Matt Stajan in neutral zone.
9:13 of 1st period - Wrist shot by Antti Miettinen.
9:13 of 1st period - Shot Misses the Net.
9:25 of 1st period - Rickard Wallin is hit by Alexander Frolov.
9:31 of 1st period - Wrist shot by Alexander Frolov.
9:31 of 1st period - Stopped by Brian Boucher with a rebound.
9:33 of 1st period - Slapshot by Keith Ballard.
9:33 of 1st period - Stopped by Brian Boucher with a rebound.
10:11 of 1st period - Minor Penalty to Scott Niedermayer for Hooking.
10:11 of 1st period - Minor Penalty to Henrik Sedin for Roughing.
10:12 of 1st period - Jaromir Jagr wins face-off versus Mike Fisher in Sharks zone.
10:56 of 1st period - Snap shot by Jonas Hoglund.
10:56 of 1st period - Stopped by Miika Kiprusoff with a rebound.
12:07 of 1st period - Snap shot by David Jones.
12:07 of 1st period - Stopped by Miika Kiprusoff without a rebound.
12:08 of 1st period - Bobby Ryan wins face-off versus Jaromir Jagr in Sharks zone.
12:11 of 1st period - Penalty to Scott Niedermayer is over, Scott Niedermayer is back on ice.
12:11 of 1st period - Penalty to Henrik Sedin is over, Henrik Sedin is back on ice.
12:41 of 1st period - Snap shot by Henrik Sedin.
12:41 of 1st period - Shot Blocked by Peter Worrell.
12:43 of 1st period - Snap shot by Henrik Sedin.
12:43 of 1st period - Goal by Henrik Sedin - Sharks : 1 - Canucks : 0.
12:44 of 1st period - Rickard Wallin wins face-off versus Henrik Sedin in neutral zone.
12:52 of 1st period - Snap shot by Antti Miettinen.
12:52 of 1st period - Shot Misses the Net.
12:54 of 1st period - Slapshot by Antti Miettinen.
12:54 of 1st period - Stopped by Brian Boucher with a rebound.
12:56 of 1st period - Snap shot by Antti Miettinen.
12:56 of 1st period - Shot Blocked by Rickard Wallin.
12:58 of 1st period - Snap shot by Andrei Markov.
12:58 of 1st period - Shot Blocked by Mark Streit.
13:00 of 1st period - Slapshot by Joni Pitkanen.
13:00 of 1st period - Deflect By Daniel Sedin.
13:00 of 1st period - Shot Misses the Net.
13:00 of 1st period - Puck is out of play.
13:01 of 1st period - Erik Christensen wins face-off versus Mike Fisher in Canucks zone.
13:01 of 1st period - Erik Christensen is hit by Mike Fisher.
13:12 of 1st period - Double Minor Penalty to Joni Pitkanen for Slashing.
13:13 of 1st period - Matt Stajan wins face-off versus Henrik Sedin in Sharks zone.
13:14 of 1st period - Wrist shot by Jaromir Jagr.
13:14 of 1st period - Stopped by Miika Kiprusoff with a rebound.
13:16 of 1st period - Slapshot by Scott Niedermayer.
13:16 of 1st period - Shot Misses the Net.
13:22 of 1st period - Wrist shot by Peter Worrell.
13:22 of 1st period - Stopped by Miika Kiprusoff without a rebound.
13:23 of 1st period - Matt Stajan wins face-off versus Henrik Sedin in Sharks zone.
13:42 of 1st period - Slapshot by Matt Stajan.
13:42 of 1st period - Stopped by Miika Kiprusoff without a rebound.
13:43 of 1st period - Rickard Wallin wins face-off versus Henrik Sedin in Sharks zone.
14:51 of 1st period - Andrei Markov is hit by Brent Sopel and loses puck.
15:21 of 1st period - Icing by Peter Worrell.
15:22 of 1st period - Adam Mair wins face-off versus Matt Stajan in Canucks zone.
15:27 of 1st period - Snap shot by Bates Battaglia.
15:27 of 1st period - Stopped by Brian Boucher with a rebound.
17:12 of 1st period - Penalty to Joni Pitkanen is over, Joni Pitkanen is back on ice.
19:46 of 1st period - Icing by Antti Miettinen.
19:47 of 1st period - Jonas Hoglund wins face-off versus Henrik Sedin in Sharks zone.
19:54 of 1st period - Peter Worrell is hit by Daniel Sedin.
2nd period
0:01 of 2nd period - Matt Stajan wins face-off versus Antti Miettinen in neutral zone.
0:27 of 2nd period - Scott Niedermayer is hit by Mikko Koivu and loses puck.
0:32 of 2nd period - Wrist shot by Mikko Koivu.
0:32 of 2nd period - Stopped by Brian Boucher with a rebound.
0:34 of 2nd period - Snap shot by Georges Laraque.
0:34 of 2nd period - Stopped by Brian Boucher with a rebound.
0:36 of 2nd period - Wrist shot by Mikko Koivu.
0:36 of 2nd period - Deflect By Alexander Frolov.
0:36 of 2nd period - Stopped by Brian Boucher with a rebound.
0:38 of 2nd period - Slapshot by Mikko Koivu.
0:38 of 2nd period - Shot Misses the Net.
0:50 of 2nd period - Slapshot by Mark Streit.
0:50 of 2nd period - Deflect By Mike Fisher.
0:50 of 2nd period - Stopped by Miika Kiprusoff with a rebound.
1:01 of 2nd period - Minor Penalty to Keith Ballard for Holding Stick.
1:02 of 2nd period - Henrik Sedin wins face-off versus Matt Stajan in Sharks zone.
1:21 of 2nd period - Andrei Markov is hit by Jaromir Jagr and loses puck.
3:01 of 2nd period - Penalty to Keith Ballard is over, Keith Ballard is back on ice.
3:05 of 2nd period - Adam Mair is hit by Sheldon Keefe and loses puck.
3:18 of 2nd period - Wrist shot by Daniel Sedin.
3:18 of 2nd period - Stopped by Brian Boucher without a rebound.
3:19 of 2nd period - Erik Christensen wins face-off versus Mike Fisher in Canucks zone.
3:26 of 2nd period - Wrist shot by Tomas Fleischmann.
3:26 of 2nd period - Stopped by Brian Boucher without a rebound.
3:27 of 2nd period - Tomas Fleischmann wins face-off versus Erik Christensen in Canucks zone.
3:30 of 2nd period - Slapshot by Mike Fisher.
3:30 of 2nd period - Shot Misses the Net.
3:54 of 2nd period - Wrist shot by Jonas Hoglund.
3:54 of 2nd period - Shot Misses the Net.
3:56 of 2nd period - Slapshot by Johnny Boychuk.
3:56 of 2nd period - Stopped by Miika Kiprusoff with a rebound.
3:58 of 2nd period - Snap shot by Clarke MacArthur.
3:58 of 2nd period - Deflect By Jonas Hoglund.
3:58 of 2nd period - Shot Misses the Net.
3:58 of 2nd period - Puck is out of play.
3:59 of 2nd period - Rickard Wallin wins face-off versus Henrik Sedin in Sharks zone.
3:59 of 2nd period - Rickard Wallin is hit by Andrei Markov.
4:01 of 2nd period - Slapshot by Jonas Hoglund.
4:01 of 2nd period - Stopped by Miika Kiprusoff with a rebound.
4:03 of 2nd period - Snap shot by Rickard Wallin.
4:03 of 2nd period - Stopped by Miika Kiprusoff with a rebound.
4:05 of 2nd period - Wrist shot by Jonas Hoglund.
4:05 of 2nd period - Shot Misses the Net.
4:07 of 2nd period - Slapshot by Rickard Wallin.
4:07 of 2nd period - Goal by Rickard Wallin - Sharks : 1 - Canucks : 1.
4:08 of 2nd period - Matt Stajan wins face-off versus Henrik Sedin in neutral zone.
4:19 of 2nd period - Snap shot by Jaromir Jagr.
4:19 of 2nd period - Stopped by Miika Kiprusoff with a rebound.
4:52 of 2nd period - Off-side.
4:53 of 2nd period - Mikko Koivu wins face-off versus Rickard Wallin in neutral zone.
5:02 of 2nd period - Snap shot by Clarke MacArthur.
5:02 of 2nd period - Shot Misses the Net.
6:05 of 2nd period - Snap shot by Adam Mair.
6:05 of 2nd period - Stopped by Brian Boucher with a rebound.
6:31 of 2nd period - Snap shot by Alexander Frolov.
6:31 of 2nd period - Stopped by Brian Boucher with a rebound.
6:50 of 2nd period - Johnny Boychuk is hit by Antti Miettinen and loses puck.
7:24 of 2nd period - Off-side.
7:25 of 2nd period - Jaromir Jagr wins face-off versus Henrik Sedin in neutral zone.
8:13 of 2nd period - Erik Christensen is hit by Adam Mair and loses puck.
9:28 of 2nd period - Mike Fisher is hit by Derian Hatcher and loses puck.
9:49 of 2nd period - Snap shot by Adam Mair.
9:49 of 2nd period - Stopped by Brian Boucher without a rebound.
9:50 of 2nd period - Rickard Wallin wins face-off versus Daniel Sedin in Canucks zone.
9:50 of 2nd period - Rickard Wallin is hit by Henrik Sedin.
10:00 of 2nd period - Wrist shot by Clarke MacArthur.
10:00 of 2nd period - Shot Misses the Net.
10:02 of 2nd period - Slapshot by Chris Campoli.
10:02 of 2nd period - Shot Blocked by Sami Salo.
10:04 of 2nd period - Slapshot by Johnny Boychuk.
10:04 of 2nd period - Stopped by Miika Kiprusoff with a rebound.
10:28 of 2nd period - Wrist shot by Alexander Frolov.
10:28 of 2nd period - Shot Misses the Net.
10:29 of 2nd period - Double Minor Penalty to Sami Salo for Roughing.
10:30 of 2nd period - Henrik Sedin wins face-off versus Matt Stajan in Sharks zone.
10:41 of 2nd period - Slapshot by Mark Streit.
10:41 of 2nd period - Shot Misses the Net.
10:43 of 2nd period - Wrist shot by Peter Worrell.
10:43 of 2nd period - Shot Blocked by Andrei Markov.
13:15 of 2nd period - Scott Niedermayer is hit by Mikko Koivu and loses puck.
13:24 of 2nd period - Scott Niedermayer is hit by Bates Battaglia and loses puck.
13:57 of 2nd period - Daniel Sedin is hit by Clarke MacArthur and loses puck.
14:08 of 2nd period - Johnny Boychuk is hit by Adam Mair and loses puck.
14:25 of 2nd period - Slapshot by Fabian Brunnstrom.
14:25 of 2nd period - Shot Misses the Net.
14:29 of 2nd period - Penalty to Sami Salo is over, Sami Salo is back on ice.
15:10 of 2nd period - Jaromir Jagr is hit by Sami Salo and loses puck.
15:41 of 2nd period - Mark Streit is hit by Keith Ballard and loses puck.
15:54 of 2nd period - Johnny Boychuk is hit by Mike Fisher and loses puck.
16:05 of 2nd period - Wrist shot by Bates Battaglia.
16:05 of 2nd period - Stopped by Brian Boucher without a rebound.
16:06 of 2nd period - Adam Mair wins face-off versus Rickard Wallin in Canucks zone.
16:07 of 2nd period - Snap shot by Bates Battaglia.
16:07 of 2nd period - Stopped by Brian Boucher with a rebound.
16:22 of 2nd period - Minor Penalty to Sheldon Keefe for Hooking.
16:23 of 2nd period - Peter Worrell wins face-off versus Henrik Sedin in Canucks zone.
18:19 of 2nd period - Antti Miettinen is hit by Scott Niedermayer and loses puck.
18:22 of 2nd period - Penalty to Sheldon Keefe is over, Sheldon Keefe is back on ice.
18:31 of 2nd period - Minor Penalty to Bobby Ryan for Interference.
18:32 of 2nd period - Henrik Sedin wins face-off versus Rickard Wallin in Sharks zone.
18:43 of 2nd period - Wrist shot by Matt Stajan.
18:43 of 2nd period - Shot Blocked by Joni Pitkanen.
18:45 of 2nd period - Slapshot by Brent Sopel.
18:45 of 2nd period - Deflect By Jaromir Jagr.
18:45 of 2nd period - Shot Misses the Net.
18:45 of 2nd period - Puck is out of play.
18:46 of 2nd period - Mikko Koivu wins face-off versus Matt Stajan in Sharks zone.
18:57 of 2nd period - Slapshot by Daniel Sedin.
18:57 of 2nd period - Shot Blocked by Scott Niedermayer.
19:21 of 2nd period - Snap shot by Clarke MacArthur.
19:21 of 2nd period - Shot Misses the Net.
19:35 of 2nd period - Daniel Sedin is hit by Matt Stajan and loses puck.
19:52 of 2nd period - Sami Salo is hit by Brent Sopel and loses puck.
3rd period
0:01 of 3rd period - Henrik Sedin wins face-off versus Matt Stajan in neutral zone.
0:26 of 3rd period - Jonas Hoglund is hit by Andrei Markov and loses puck.
0:31 of 3rd period - Penalty to Bobby Ryan is over, Bobby Ryan is back on ice.
0:45 of 3rd period - Wrist shot by Alexander Frolov.
0:45 of 3rd period - Shot Misses the Net.
0:51 of 3rd period - Wrist shot by Mikko Koivu.
0:51 of 3rd period - Shot Misses the Net.
1:11 of 3rd period - Snap shot by Alexander Frolov.
1:11 of 3rd period - Stopped by Brian Boucher without a rebound.
1:12 of 3rd period - Henrik Sedin wins face-off versus Matt Stajan in Canucks zone.
1:17 of 3rd period - Snap shot by Antti Miettinen.
1:17 of 3rd period - Shot Misses the Net.
1:18 of 3rd period - Minor Penalty to Peter Worrell for Roughing.
1:19 of 3rd period - Jaromir Jagr wins face-off versus Henrik Sedin in Canucks zone.
1:19 of 3rd period - Jaromir Jagr is hit by Daniel Sedin.
2:16 of 3rd period - Minor Penalty to Mark Streit for High sticking.
2:17 of 3rd period - Henrik Sedin wins face-off versus Jaromir Jagr in Canucks zone.
3:18 of 3rd period - Penalty to Peter Worrell is over, Peter Worrell is back on ice.
4:10 of 3rd period - Andrei Markov is hit by Jonas Hoglund.
4:16 of 3rd period - Penalty to Mark Streit is over, Mark Streit is back on ice.
4:24 of 3rd period - Snap shot by David Jones.
4:24 of 3rd period - Stopped by Miika Kiprusoff without a rebound.
4:25 of 3rd period - Erik Christensen wins face-off versus Mike Fisher in Sharks zone.
4:28 of 3rd period - Wrist shot by David Jones.
4:28 of 3rd period - Shot Misses the Net.
4:30 of 3rd period - Slapshot by Chris Campoli.
4:30 of 3rd period - Shot Blocked by Tomas Fleischmann.
4:32 of 3rd period - Snap shot by David Jones.
4:32 of 3rd period - Stopped by Miika Kiprusoff with a rebound.
4:34 of 3rd period - Slapshot by David Jones.
4:34 of 3rd period - Shot Misses the Net.
4:36 of 3rd period - Snap shot by David Jones.
4:36 of 3rd period - Stopped by Miika Kiprusoff with a rebound.
4:50 of 3rd period - Icing by Brent Sopel.
4:51 of 3rd period - Rickard Wallin wins face-off versus Adam Mair in Canucks zone.
5:34 of 3rd period - Slapshot by Andrei Markov.
5:34 of 3rd period - Deflect By Jonas Hoglund.
5:34 of 3rd period - Stopped by Brian Boucher with a rebound.
5:42 of 3rd period - Slapshot by Clarke MacArthur.
5:42 of 3rd period - Goal by Clarke MacArthur - Sharks : 1 - Canucks : 2.
5:43 of 3rd period - Matt Stajan wins face-off versus Henrik Sedin in neutral zone.
5:50 of 3rd period - Slapshot by Derian Hatcher.
5:50 of 3rd period - Stopped by Miika Kiprusoff with a rebound.
6:15 of 3rd period - Snap shot by Fabian Brunnstrom.
6:15 of 3rd period - Shot Blocked by Alexander Frolov.
6:17 of 3rd period - Slapshot by Derian Hatcher.
6:17 of 3rd period - Deflect By Andrei Markov.
6:17 of 3rd period - Stopped by Miika Kiprusoff without a rebound.
6:18 of 3rd period - Matt Stajan wins face-off versus Georges Laraque in Sharks zone.
6:22 of 3rd period - Minor Penalty to Joni Pitkanen for Tripping.
6:23 of 3rd period - Henrik Sedin wins face-off versus Matt Stajan in Sharks zone.
7:34 of 3rd period - Icing by Clarke MacArthur.
7:35 of 3rd period - Henrik Sedin wins face-off versus Rickard Wallin in Canucks zone.
8:22 of 3rd period - Penalty to Joni Pitkanen is over, Joni Pitkanen is back on ice.
8:28 of 3rd period - Minor Penalty to Scott Niedermayer for Holding.
8:29 of 3rd period - Jaromir Jagr wins face-off versus Mikko Koivu in Canucks zone.
10:12 of 3rd period - Icing by Daniel Sedin.
10:13 of 3rd period - Mikko Koivu wins face-off versus Erik Christensen in Sharks zone.
10:28 of 3rd period - Penalty to Scott Niedermayer is over, Scott Niedermayer is back on ice.
11:28 of 3rd period - Slapshot by Alexander Frolov.
11:28 of 3rd period - Shot Blocked by Chris Campoli.
11:58 of 3rd period - Jaromir Jagr is hit by Bates Battaglia.
12:02 of 3rd period - David Hale is hit by Mark Streit and loses puck.
12:24 of 3rd period - Off-side.
12:25 of 3rd period - Henrik Sedin wins face-off versus Rickard Wallin in neutral zone.
12:37 of 3rd period - Slapshot by Brent Sopel.
12:37 of 3rd period - Shot Blocked by Antti Miettinen.
13:32 of 3rd period - Minor Penalty to Daniel Sedin for Hooking.
13:33 of 3rd period - Peter Worrell wins face-off versus Mikko Koivu in Sharks zone.
14:59 of 3rd period - Icing by Matt Stajan.
15:00 of 3rd period - Matt Stajan wins face-off versus Mike Fisher in Canucks zone.
15:32 of 3rd period - Penalty to Daniel Sedin is over, Daniel Sedin is back on ice.
15:37 of 3rd period - Wrist shot by Mike Fisher.
15:37 of 3rd period - Stopped by Brian Boucher with a rebound.
15:39 of 3rd period - Snap shot by Bobby Ryan.
15:39 of 3rd period - Stopped by Brian Boucher without a rebound.
15:40 of 3rd period - Erik Christensen wins face-off versus Mike Fisher in Canucks zone.
16:38 of 3rd period - Wrist shot by Bobby Ryan.
16:38 of 3rd period - Stopped by Brian Boucher with a rebound.
16:40 of 3rd period - Slapshot by Bobby Ryan.
16:40 of 3rd period - Shot Misses the Net.
16:42 of 3rd period - Slapshot by Keith Ballard.
16:42 of 3rd period - Stopped by Brian Boucher with a rebound.
16:44 of 3rd period - Backhand shot by Keith Ballard.
16:44 of 3rd period - Stopped by Brian Boucher with a rebound.
16:59 of 3rd period - Icing by Fabian Brunnstrom.
17:00 of 3rd period - Erik Christensen wins face-off versus Henrik Sedin in Canucks zone.
17:00 of 3rd period - Erik Christensen is hit by Henrik Sedin.
17:13 of 3rd period - Minor Penalty to Andrei Markov for Roughing.
17:14 of 3rd period - Matt Stajan wins face-off versus Henrik Sedin in Sharks zone.
17:19 of 3rd period - Snap shot by Jaromir Jagr.
17:19 of 3rd period - Stopped by Miika Kiprusoff without a rebound.
17:20 of 3rd period - Daniel Sedin wins face-off versus Matt Stajan in Sharks zone.
17:45 of 3rd period - Slapshot by Mark Streit.
17:45 of 3rd period - Stopped by Miika Kiprusoff without a rebound.
17:46 of 3rd period - Rickard Wallin wins face-off versus Henrik Sedin in Sharks zone.
17:49 of 3rd period - Wrist shot by Clarke MacArthur.
17:49 of 3rd period - Stopped by Miika Kiprusoff with a rebound.
17:51 of 3rd period - Slapshot by Derian Hatcher.
17:51 of 3rd period - Stopped by Miika Kiprusoff with a rebound.
17:53 of 3rd period - Slapshot by Brent Sopel.
17:53 of 3rd period - Shot Blocked by Daniel Sedin.
17:55 of 3rd period - Snap shot by Derian Hatcher.
17:55 of 3rd period - Shot Blocked by Johnny Oduya.
17:57 of 3rd period - Slapshot by Derian Hatcher.
17:57 of 3rd period - Shot Blocked by Joni Pitkanen.
17:59 of 3rd period - Wrist shot by Jonas Hoglund.
17:59 of 3rd period - Goal by Jonas Hoglund - Sharks : 1 - Canucks : 3.
18:00 of 3rd period - Mike Fisher wins face-off versus Erik Christensen in neutral zone.
18:14 of 3rd period - Wrist shot by Mike Fisher.
18:14 of 3rd period - Stopped by Brian Boucher with a rebound.
18:16 of 3rd period - Slapshot by Joni Pitkanen.
18:16 of 3rd period - Shot Blocked by Mark Streit.
18:26 of 3rd period - Henrik Sedin is hit by Mark Streit.
18:34 of 3rd period - Wrist shot by Henrik Sedin.
18:34 of 3rd period - Stopped by Brian Boucher with a rebound.
18:36 of 3rd period - Slapshot by Johnny Oduya.
18:36 of 3rd period - Stopped by Brian Boucher with a rebound.
18:56 of 3rd period - Snap shot by Clarke MacArthur.
18:56 of 3rd period - Goal by Clarke MacArthur - Sharks : 1 - Canucks : 4.
18:57 of 3rd period - Matt Stajan wins face-off versus Daniel Sedin in neutral zone.
19:00 of 3rd period - Slapshot by Brent Sopel.
19:00 of 3rd period - Shot Misses the Net.
19:02 of 3rd period - Slapshot by Derian Hatcher.
19:02 of 3rd period - Stopped by Miika Kiprusoff without a rebound.
19:02 of 3rd period - Minor Penalty to Henrik Sedin for Holding.
19:03 of 3rd period - Matt Stajan wins face-off versus Adam Mair in Sharks zone.
19:04 of 3rd period - Wrist shot by Jaromir Jagr.
19:04 of 3rd period - Stopped by Miika Kiprusoff without a rebound.
19:05 of 3rd period - Adam Mair wins face-off versus Matt Stajan in Sharks zone.
19:05 of 3rd period - Adam Mair is hit by Peter Worrell.
19:17 of 3rd period - Slapshot by Scott Niedermayer.
19:17 of 3rd period - Shot Misses the Net.
19:19 of 3rd period - Wrist shot by Peter Worrell.
19:19 of 3rd period - Stopped by Miika Kiprusoff with a rebound.
19:21 of 3rd period - Snap shot by Scott Niedermayer.
19:21 of 3rd period - Deflect By Jaromir Jagr.
19:21 of 3rd period - Shot Misses the Net.
19:21 of 3rd period - Puck is out of play.
19:22 of 3rd period - Rickard Wallin wins face-off versus Adam Mair in Sharks zone.
19:39 of 3rd period - Adam Mair is hit by Clarke MacArthur and loses puck.
Output by the SimonT Hockey Simulator (STHS) for François Prévost -- Original Page W3C XHTML 1.0 Valid